 Dungeon Crawl Stone Soup version 0.27.1-2-g3b301248ec (webtiles) character file.

Game seed: 17570803667338093303

6430 MisterFreud the Covered (level 10, -8/80 HPs)
             Began as a Gnoll Wanderer on Sept 27, 2021.
             Was an Initiate of Qazlal.
             Killed by vampiric draining
             ... invoked by a vampire
              (10 damage)
             ... on level 9 of the Dungeon.
             The game lasted 00:18:42 (12009 turns).

MisterFreud the Covered (Gnoll Wanderer)           Turns: 12009, Time: 00:18:43

Health: -8/80      AC: 14    Str: 11    XL:     10   Next: 99%
Magic:  0/19       EV: 15    Int: 13    God:    Qazlal [......]
Gold:   597        SH:  6    Dex: 14    Spells: 21/21 levels left

rFire    . . .     SeeInvis .   g - +2 short sword (holy)
rCold    + . .     Faith    .   h - +0 buckler
rNeg     . . .     Spirit   +   b - +2 scale mail
rPois    .         Reflect  .   z - +0 helmet
rElec    +         Harm     .   r - +0 cloak
rCorr    +         Rampage  .   (no gloves)
Will     .....                  f - +0 pair of boots
Stlth    ++........             q - amulet of guardian spirit
HPRegen  0.23/turn              j - ring of resist corrosion
MPRegen  0.16/turn              m - ring of the Priest {rElec rC+ EV+4}

@: mighty, studying Crossbows
A: fangs 1, strong nose, distributed training
a: Renounce Religion


You were on level 9 of the Dungeon.
You worshipped Qazlal.
Qazlal was noncommittal.
You visited 2 branches of the dungeon, and saw 10 of its levels.
You also visited: Ossuary.

You collected 597 gold pieces.

Inventory:

Hand Weapons
 g - a +2 short sword of holy wrath (weapon)
 k - a +2 mace of protection
 p - a +0 morningstar
 u - a +0 short sword of venom
Missiles
 d - 6 javelins
 n - 19 poisoned darts (quivered)
 w - 5 boomerangs
Armour
 b - a +2 scale mail (worn)
 f - a +0 pair of boots (worn)
 h - a +0 buckler (worn)
 r - a +0 cloak (worn)
 z - a +0 helmet (worn)
Jewellery
 j - a ring of resist corrosion (left hand)
 m - the ring of the Priest (right hand) {rElec rC+ EV+4}
   (You found it on level 5 of the Dungeon)

   [ring of evasion]

   EV:        It affects your evasion (+4).
   rC:        It protects you from cold.
   rElec:     It insulates you from electricity.
 q - an amulet of guardian spirit (around neck)
 v - a +6 ring of intelligence
Wands
 s - a wand of digging (2)
 y - a wand of paralysis (4)
 B - a wand of flame (13)
Scrolls
 e - 2 scrolls of fear
 l - a scroll of enchant weapon
 o - 4 scrolls of teleportation
 t - 3 scrolls of silence
 E - a scroll of acquirement {unknown}
Potions
 a - a potion of cancellation
 x - 2 potions of mutation
 A - a potion of brilliance
 C - a potion of invisibility {unknown}
 F - a potion of magic


   Skills:
 + Level 7.9 Fighting
 + Level 6.9 Short Blades
 + Level 6.3 Long Blades
 + Level 6.3 Axes
 + Level 7.9 Maces & Flails
 + Level 6.3 Polearms
 + Level 6.3 Staves
 + Level 6.3 Slings
 + Level 6.3 Bows
 + Level 6.6 Crossbows
 + Level 6.3 Throwing
 + Level 7.9 Armour
 + Level 6.9 Dodging
 + Level 6.3 Stealth
 + Level 6.9 Shields
 + Level 6.3 Unarmed Combat
 + Level 6.3 Spellcasting
 + Level 5.2 Conjurations
 + Level 5.2 Hexes
 + Level 5.2 Summonings
 + Level 5.2 Necromancy
 + Level 5.2 Translocations
 + Level 5.2 Transmutations
 + Level 5.2 Fire Magic
 + Level 5.2 Ice Magic
 + Level 5.2 Air Magic
 + Level 5.2 Earth Magic
 + Level 5.2 Poison Magic
 + Level 6.9 Invocations
 + Level 6.9 Evocations


You had 21 spell levels left.
You didn't know any spells.
Your spell library contained the following spells:

 Spells                   Type           Power      Damage    Failure   Level
 Corona                   Hex            18%        N/A       9%          1
 Ensorcelled Hibernation  Hex/Ice        34%        N/A       13%         2
 Conjure Flame            Conj/Fire      17%        6-21      26%         3
 Ignite Poison            Fire/Tmut/Pois 17%        N/A       26%         3
 Tukima's Dance           Hex            17%        N/A       26%         3
 Passage of Golubria      Tloc           N/A        N/A       63%         4
 Sticky Flame             Conj/Fire      17%        2d4       63%         4
 Silence                  Hex/Air        8%         N/A       93%         5
 Summon Forest            Summ/Tloc      8%         N/A       93%         5
 Summon Mana Viper        Hex/Summ       17%        N/A       93%         5
 Shadow Creatures         Summ           N/A        N/A       100%        6
 Lehudib's Crystal Spear  Conj/Erth      8%         10d4      100%        8


Dungeon Overview and Level Annotations

Branches:
Dungeon (9/15)             Temple (1/1) D:7         Ossuary (visited)
   Lair: D:8-11         Orc: D:9-12

Altars:
Ashenzari
Cheibriados
Dithmenos
Elyvilon
Fedhas
Gozag
Hepliaklqana
Kikubaaqudgha
Makhleb
Nemelex Xobeh
Okawaru
Qazlal
Ru
Sif Muna
Trog
Uskayaw
Vehumet
Xom
Yredelemnul
Zin
The Shining One

Shops:
D:2 :   D:3 :   D:5 ?   D:7 !

Annotations:
D:5 1 runed translucent door


Innate Abilities, Weirdness & Mutations

You have very sharp teeth.
Your uncanny sense of smell can sniff out nearby items.
Your experience applies equally to all skills.


Message History

You bump into the rock wall.
Something hits you!
* * * LOW HITPOINT WARNING * * *
Something bites you but does no damage.
You're too confused to move!
Something hits you. Something bites you but does no damage.
You closely miss something. You bite something.
You feel less invigorated.
You feel less confused. Something hits you but does no damage.
Something bites you but does no damage.
You closely miss something. You barely miss something.
Something hits you but does no damage. Something bites you but does no damage.
You hit something. Something draws life force from you!
* * * LOW HITPOINT WARNING * * *
You miss something. Your bite misses something.
Your scale mail prevents you from hitting something.
You hear some strange, mumbled words.
Something tries to affect you, but you resist.
You miss something. You block something's attack. Something bites you.
Something draws strength from your injuries!
You hit something. Something draws life force from you!
* * * LOW HITPOINT WARNING * * *
You hit something but do no damage. You hit something but do no damage.
You bite something. Something hits you!
* * * LOW HITPOINT WARNING * * *
Something bites you.
* * * LOW HITPOINT WARNING * * *
Something draws strength from your injuries!
You closely miss something. Something hits you.
Something bites you but does no damage.
You hit something. Something hits you but does no damage. Something bites you!
* * * LOW HITPOINT WARNING * * *
Something draws strength from your injuries!
You puncture something! Something hits you but does no damage.
Something bites you but does no damage.
You miss something. Your bite misses something. You miss something.
Something hits you but does no damage. Something bites you.
* * * LOW HITPOINT WARNING * * *
Something draws strength from your injuries!
You closely miss something. Something draws life force from you!
You die...

....#.......#
########.##
.#.##.......# #####
### ......##.##.#
##...##
##.##.#..##.#
#...>.# #.##.#.###.#
#.....#
#)##..#.##.###.....#
#.##.###....# #...#
#...## ##.#.# #{###
###.## ###..###@# ##
.##..## #........#
.. ##
.##.#.###.#.)#####
##.####.
.##.##.#.....# #. .
..##. ..#.###...####
#< #.#.##.
..#.......# #.
#.##.#>##.
..#####...#
.###.##...... ..##
#...# ...#.####.###
...# #...#
#.......#.##


There were no monsters in sight!

Vanquished Creatures
  A manticore (D:8)
  Prince Ribbit (D:5)
  A wyvern (D:9)
  3 yaks (D:9)
  Menkaure (D:5)
  3 steam dragons
  A water moccasin (D:6)
  An orc warrior (D:7)
  2 ice beasts
  A black bear (D:5)
  A necrophage (D:6)
  2 sky beasts
  An ogre (D:5)
  A phantom (D:4)
  A centaur (D:9)
  A kobold brigand (D:7)
  3 bullfrogs
  Blork the orc (D:5)
  3 scorpions
  A gnoll sergeant (D:6)
  3 wyvern zombies
  2 wyvern skeletons
  3 electric eels
  3 centaur zombies
  5 hounds
  A jelly (D:5)
  2 centaur skeletons
  An orc priest (D:9)
  A bullfrog skeleton (D:6)
  6 iguanas
  Natasha (D:2)
  10 orc wizards
  8 mummies (Ossuary)
  Robin (D:4)
  2 howler monkey zombies
  4 adders
  12 gnolls
  2 white imps
  2 ufetubi
  2 worms (D:2)
  3 dart slugs
  20 orcs
  5 ball pythons
  14 endoplasms
  5 giant cockroaches
  15 goblins
  12 hobgoblins
  8 jackals
  4 bats
  3 frilled lizards
  2 gnoll zombies (Ossuary)
  A goblin skeleton (D:5)
  4 hobgoblin zombies (Ossuary)
  13 kobolds
  A kobold zombie (Ossuary)
  An orc zombie (Ossuary)
  8 rats
220 creatures vanquished.

Notes
Turn   | Place    | Note
-------+----------+-------------------------------------------
     0 | D:1      | MisterFreud the Gnoll Wanderer began the quest for the Orb.
     0 | D:1      | MisterFreud set off with the following items: a +0 mace, a
                  | +2 scale mail, a potion of curing
     0 | D:1      | Reached XP level 1. HP: 20/20 MP: 1/1
   481 | D:1      | Reached XP level 2. HP: 22/26 MP: 2/2
   675 | D:1      | Reached XP level 3. HP: 30/31 MP: 3/3
  1132 | D:1      | Reached skill level 1 in Invocations
  1338 | D:2      | Reached skill level 1 in Long Blades
  1338 | D:2      | Reached skill level 1 in Axes
  1338 | D:2      | Reached skill level 1 in Polearms
  1338 | D:2      | Reached skill level 1 in Staves
  1338 | D:2      | Reached skill level 1 in Slings
  1338 | D:2      | Reached skill level 1 in Bows
  1338 | D:2      | Reached skill level 1 in Crossbows
  1338 | D:2      | Reached skill level 1 in Throwing
  1338 | D:2      | Reached skill level 1 in Stealth
  1338 | D:2      | Reached skill level 1 in Unarmed Combat
  1338 | D:2      | Reached skill level 1 in Spellcasting
  1351 | D:2      | Reached XP level 4. HP: 34/38 MP: 5/5
  1443 | D:2      | Found Mekku's Book Shoppe.
  2085 | D:3      | Reached skill level 1 in Conjurations
  2085 | D:3      | Reached skill level 1 in Hexes
  2085 | D:3      | Reached skill level 1 in Summonings
  2085 | D:3      | Reached skill level 1 in Necromancy
  2085 | D:3      | Reached skill level 1 in Translocations
  2085 | D:3      | Reached skill level 1 in Transmutations
  2085 | D:3      | Reached skill level 1 in Fire Magic
  2085 | D:3      | Reached skill level 1 in Ice Magic
  2085 | D:3      | Reached skill level 1 in Air Magic
  2085 | D:3      | Reached skill level 1 in Earth Magic
  2085 | D:3      | Reached skill level 1 in Poison Magic
  2180 | D:2      | Reached XP level 5. HP: 32/43 MP: 6/6
  2326 | D:2      | Noticed Natasha
  2338 | D:2      | Killed Natasha
  2826 | D:3      | Reached XP level 6. HP: 40/50 MP: 8/8
  2994 | D:3      | Found Azecway's Book Emporium.
  3183 | D:3      | Found a blossoming altar of Fedhas.
  3185 | D:3      | Found a shimmering altar of Xom.
  3185 | D:3      | Found a shimmering blue altar of Sif Muna.
  3187 | D:3      | Found a shimmering altar of Xom.
  3187 | D:3      | Found a broken altar of Ashenzari.
  3187 | D:3      | Found a hazy altar of Hepliaklqana.
  3721 | D:4      | Reached skill level 5 in Fighting
  3721 | D:4      | Reached skill level 5 in Maces & Flails
  3721 | D:4      | Reached skill level 5 in Armour
  3875 | D:4      | Reached XP level 7. HP: 37/56 MP: 8/10
  3891 | D:4      | Noticed Robin
  4174 | D:4      | Killed Robin
  4193 | D:4      | Found a sand-covered staircase.
  4202 | Ossuary  | Entered an ossuary
  4998 | D:5      | Entered Level 5 of the Dungeon
  5038 | D:5      | Reached XP level 8. HP: 41/63 MP: 7/12
  5778 | D:5      | Found Tiqommo's Magic Scroll Boutique.
  5814 | D:5      | Identified the ring of the Priest {rElec rC+ EV+4}
  5863 | D:5      | Found a runed translucent door.
  5869 | D:5      | Found a basalt altar of Yredelemnul.
  5869 | D:5      | Noticed Blork the orc
  5869 | D:5      | Noticed Prince Ribbit
  5870 | D:5      | Noticed Menkaure
  5904 | D:5      | Killed Blork the orc
  5915 | D:5      | Killed Menkaure
  6246 | D:5      | Killed Prince Ribbit
  6579 | D:5      | Reached XP level 9. HP: 55/69 MP: 10/14
  6809 | D:5      | Found a sparkling altar of Nemelex Xobeh.
  6971 | D:5      | Reached skill level 5 in Long Blades
  6971 | D:5      | Reached skill level 5 in Axes
  6971 | D:5      | Reached skill level 5 in Polearms
  6971 | D:5      | Reached skill level 5 in Staves
  6971 | D:5      | Reached skill level 5 in Slings
  6971 | D:5      | Reached skill level 5 in Bows
  6971 | D:5      | Reached skill level 5 in Crossbows
  6971 | D:5      | Reached skill level 5 in Throwing
  6971 | D:5      | Reached skill level 5 in Stealth
  6971 | D:5      | Reached skill level 5 in Unarmed Combat
  6971 | D:5      | Reached skill level 5 in Spellcasting
  6971 | D:5      | Reached XP level 10. HP: 79/79 MP: 14/18
  7028 | D:6      | Found a sacrificial altar of Ru.
  7029 | D:6      | Found a stormy altar of Qazlal.
  7125 | D:6      | Found a burning altar of Makhleb.
  8217 | D:6      | Found an ancient bone altar of Kikubaaqudgha.
  8415 | D:7      | Found a staircase to the Ecumenical Temple.
  8418 | Temple   | Entered the Ecumenical Temple
  8810 | D:6      | Became a worshipper of Qazlal Stormbringer
  8819 | D:7      | Found Cucihom's Distillery.
  8857 | D:7      | Reached skill level 5 in Conjurations
  8857 | D:7      | Reached skill level 5 in Hexes
  8857 | D:7      | Reached skill level 5 in Summonings
  8857 | D:7      | Reached skill level 5 in Necromancy
  8857 | D:7      | Reached skill level 5 in Translocations
  8857 | D:7      | Reached skill level 5 in Transmutations
  8857 | D:7      | Reached skill level 5 in Fire Magic
  8857 | D:7      | Reached skill level 5 in Ice Magic
  8857 | D:7      | Reached skill level 5 in Air Magic
  8857 | D:7      | Reached skill level 5 in Earth Magic
  8857 | D:7      | Reached skill level 5 in Poison Magic
  9015 | D:7      | Found an iron altar of Okawaru.
 10010 | D:8      | Noticed a manticore
 10637 | D:8      | HP: 2/80 [manticore (5)]
 10640 | D:8      | Killed a manticore
 11104 | D:9      | Found a glowing golden altar of the Shining One.
 12005 | D:9      | HP: 3/80 [something (5)]
 12009 | D:9      | Killed from afar by a vampire

Illustrated notes

Levels and vault maps discovered:
D:1:      ncdulo_wetmaze, layout_basic, minmay_tromino_v4_c
D:2:      layout_loops_ring, serial_shops, shop, serial_aquarium,
          aquarium_bridge_square [aquarium_subvault_bridge,
          aquarium_subvault_bridge, aquarium_subvault_bridge,
          aquarium_subvault_wall], aquarium_bridge_square
          [aquarium_subvault_window, aquarium_subvault_bridge,
          aquarium_subvault_window, aquarium_subvault_wall],
          aquarium_window_fake, aquarium_window_corner, aquarium_window_1,
          aquarium_window_fake, aquarium_view_2c, aquarium_view_2a,
          aquarium_balcony_double_3, uniq_natasha
D:3:      layout_loops_ring, doesnt_xom_only_xom, serial_shops,
          nicolae_shop_crystal, minmay_quantized
D:4:      layout_cave_pools, nicolae_ossuary_entry_monument,
          minmay_stone_trees_small, grunt_ministairs_3, uniq_robin
D:5:      layout_basic, dk_yredelemnul_ordeal, nemelex_diamond_rough_becter,
          serial_shops, nicolae_take_the_stairs, minmay_crossroads,
          uniq_menkaure, uniq_blork_the_orc, uniq_prince_ribbit1
D:6:      layout_basic, overflow_temple_1_default,
          nicolae_qazlal_general_emergency, mainiacjoe_overflow_large_starburst
D:7:      layout_rooms, kennysheep_okawaru_gauntlet,
          minmay_temple_entry_large_hall, serial_curves, eino_curves_02,
          eino_curves_02, serial_shops, nicolae_shop_trees,
          serial_park_tiny_pond, kennysheep_generic_room_10
D:8:      cheibrodos_helix_gallery, layout_loops_cross, minivault_14,
          minivault_25
D:9:      statuecave_lemuel, layout_loops_cross, nicolae_tso_carved_into_rock
Temple:   hc_temple_tempest_star

Skill      XL: |  1  2  3  4  5  6  7  8  9 10 |
---------------+-------------------------------+-----
Invocations    | 1 2 3 4 6 |  6.9
Long Blades    | 1 2 3 5 6 |  6.3
Axes           | 1 2 3 5 6 |  6.3
Polearms       | 1 2 3 5 6 |  6.3
Staves         | 1 2 3 5 6 |  6.3
Slings         | 1 2 3 5 6 |  6.3
Bows           | 1 2 3 5 6 |  6.3
Crossbows      | 1 2 3 5 6 |  6.6
Throwing       | 1 2 3 5 6 |  6.3
Stealth        | 1 2 3 5 6 |  6.3
Unarmed Combat | 1 2 3 5 6 |  6.3
Spellcasting   | 1 2 3 5 6 |  6.3
Conjurations   | 1 2 3 4 5 |  5.2
Hexes          | 1 2 3 4 5 |  5.2
Summonings     | 1 2 3 4 5 |  5.2
Necromancy     | 1 2 3 4 5 |  5.2
Translocations | 1 2 3 4 5 |  5.2
Transmutations | 1 2 3 4 5 |  5.2
Fire Magic     | 1 2 3 4 5 |  5.2
Ice Magic      | 1 2 3 4 5 |  5.2
Air Magic      | 1 2 3 4 5 |  5.2
Earth Magic    | 1 2 3 4 5 |  5.2
Poison Magic   | 1 2 3 4 5 |  5.2
Short Blades   | 3 4 6 |  6.9
Dodging        | 3 4 6 |  6.9
Shields        | 3 4 6 |  6.9
Evocations     | 3 4 6 |  6.9
Fighting       | 5 6 7 |  7.9
Maces & Flails | 5 6 7 |  7.9
Armour         | 5 6 7 |  7.9

Action                   |  1- 3 |  4- 6 |  7- 9 | 10-12 || total
-------------------------+-------+-------+-------+-------++-------
Melee: Mace              |   102 |   241 |   279 |   591 ||  1213
       Bite              |     6 |    23 |    33 |    53 ||   115
       Short sword       |       |       |    48 |    37 ||    85
       Punch             |       |       |     5 |       ||     5
  Use: Potion            |       |       |     5 |     6 ||    11
       Scroll            |       |       |    18 |     3 ||    21
 Stab: Sleeping          |       |       |       |     4 ||     4
Armor: Scale mail        |    66 |   156 |   204 |   352 ||   778
Dodge: Dodged            |    43 |   143 |   214 |   373 ||   773
Block: Buckler           |       |       |       |   152 ||   152
